AoeStats
← BIGGG

Arabia

511017545Analyzed
2v2 RM · 5h ago on Oct 3, 2026· 20m 8s· 4 players
Game mode
Random Map
Map size
Medium (4 player)
Population
200
Speed
Normal
Resources
Standard
Victory
Conquest
Starting age
Dark Age
Ending age
Imperial Age
RankedLock teamsTeams togetherTeam positionsShared explorationLock speedFull tech treeHidden civsTurbo modeCheats
Victory
Defeat
🇨🇳 Georgians · China
1346
+13
🇨🇳 Celts · China
1015
+41
🇩🇪 Aztecs · Germany
1286
-21
🇲🇽 Maya · Mexico
1229
-18
Manzanito
0:33 Loom
9:48 Feudal Age
10:21 Double-Bit Axe
15:43 Fletching
17:33 Padded Archer Armor
egenem17
6:56 Loom
9:13 Feudal Age
9:49 Double-Bit Axe
15:10 Horse Collar
17:19 Wheelbarrow
16:32 Town Watch
BIGGG
6:37 Loom
9:22 Feudal Age
11:26 Double-Bit Axe
16:07 Fletching
18:21 Padded Archer Armor
高血压选手
5:53 Loom
8:59 Feudal Age
8:44 Loom
11:12 Double-Bit Axe
16:14 Wheelbarrow
20:12 Castle Age
18:26 Gold Mining
18:32 Horse Collar
19:55 Bloodlines
19:59 Forging
Connection lost

Rejoining the realm…

Still unreachable

The connection could not be restored.

Session expired

The server has moved on; the page needs a fresh start.